AoeStats
← GUNGORYES

Arena

506501382Analyzed
4v4 RM · 17d ago on Sep 13, 2026· 55m 47s· 8 players
Game mode
Random Map
Map size
Large (8 player)
Population
200
Speed
Normal
Resources
Standard
Victory
Conquest
Starting age
Dark Age
Ending age
Imperial Age
RankedLock teamsTeams togetherTeam positionsShared explorationLock speedFull tech treeHidden civsTurbo modeCheats
Victory
Defeat
🇺🇸 Cumans · United States
1022
+8
🇧🇪 Hindustanis · Belgium
753
+18
🇺🇸 Poles · United States
752
+18
🇺🇸 Persians · United States
728
+19
🇹🇷 Khmer · Türkiye
830
-17
🇹🇷 Portuguese · Türkiye
810
-16
🇭🇷 Saracens · Croatia
803
-16
🇹🇷 Turks · Türkiye
775
-14
AlfioBang
10:56 Feudal Age
11:42 Double-Bit Axe
16:33 Castle Age
20:49 Horse Collar
21:50 Heavy Plow
24:14 Bow Saw
26:20 Gold Mining
28:30 Wheelbarrow
31:56 Hand Cart
32:32 Caravan
36:59 Imperial Age
36:17 Forging
36:09 Scale Mail Armor
35:59 Fletching
36:10 Padded Archer Armor
38:00 Conscription
38:14 Elite Mameluke
39:22 Ballistics
38:47 Treadmill Crane
41:26 Iron Casting
41:52 Scale Barding Armor
43:19 Murder Holes
44:39 Heavy Camel Rider
45:21 Husbandry
yesilyurt29
2:05 Loom
13:56 Feudal Age
17:11 Castle Age
15:03 Horse Collar
16:27 Double-Bit Axe
16:36 Gold Mining
16:39 Stone Mining
19:09 Wheelbarrow
18:52 Heavy Plow
20:33 Bow Saw
22:19 Hand Cart
25:49 Pikeman
28:38 Gold Shaft Mining
29:56 Caravan
34:27 Imperial Age
35:44 Heavy Scorpion
38:18 Crop Rotation
41:40 Double Crossbow
41:40 Tusk Swords
42:21 Conscription
47:12 Chemistry
46:32 Ballistics
GUNGORYES
0:40 Loom
15:07 Feudal Age
16:30 Wheelbarrow
15:42 Horse Collar
15:50 Double-Bit Axe
16:00 Gold Mining
18:53 Stone Mining
23:47 Castle Age
24:45 Hand Cart
25:25 Bow Saw
27:58 Heavy Plow
30:16 Caravan
31:58 Stone Shaft Mining
32:26 Light Cavalry
33:17 Bloodlines
35:58 Imperial Age
33:36 Scale Barding Armor
33:32 Scale Mail Armor
33:21 Pikeman
35:20 Chain Mail Armor
36:34 Chain Barding Armor
38:00 Two-Man Saw
37:33 Crop Rotation
36:41 Halberdier
38:34 Elite Organ Gun
40:13 Plate Barding Armor
40:08 Plate Mail Armor
40:25 Town Watch
40:17 Cavalier
42:04 Chemistry
41:11 Town Patrol
46:55 Husbandry
ysf5353
0:26 Loom
12:43 Feudal Age
14:04 Wheelbarrow
13:19 Double-Bit Axe
13:23 Town Watch
20:02 Castle Age
21:12 Hand Cart
22:09 Horse Collar
23:26 Town Patrol
23:52 Bow Saw
24:50 Stone Mining
27:40 Gold Mining
29:31 Sipahi
29:31 Caravan
31:23 Heavy Plow
35:06 Imperial Age
33:59 Fortified Wall
33:30 Treadmill Crane
34:10 Squires
33:45 Man-at-Arms
35:26 Ballistics
34:56 Guard Tower
36:34 Capped Ram
38:40 Gold Shaft Mining
39:26 Conscription
38:37 Sappers
39:42 Hoardings
39:34 Masonry
40:12 Arson
43:45 Two-Man Saw
43:00 Long Swordsman
43:49 Two-Handed Swordsman
45:59 Fletching
46:09 Padded Archer Armor
46:19 Forging
46:10 Scale Mail Armor
46:50 Heavy Camel Rider
47:40 Bloodlines
47:30 Husbandry
46:51 Cavalier
49:05 Elite Janissary
50:20 Hoardings
50:34 Bodkin Arrow
51:15 Iron Casting
50:55 Leather Archer Armor
52:24 Artillery
53:36 Parthian Tactics
52:33 Crossbowman
53:31 Murder Holes
BarbequeMonster
1:54 Loom
2:32 Loom
16:48 Feudal Age
18:55 Horse Collar
19:54 Wheelbarrow
19:21 Gold Mining
19:22 Stone Mining
20:01 Double-Bit Axe
24:05 Castle Age
24:37 Bloodlines
24:37 Scale Barding Armor
24:43 Forging
25:48 Hand Cart
26:54 Husbandry
27:24 Chain Barding Armor
27:22 Heavy Plow
30:06 Town Watch
36:26 Treadmill Crane
37:07 Ballistics
37:08 Light Cavalry
38:42 Szlachta Privileges
39:25 Bow Saw
42:27 Imperial Age
41:23 Iron Casting
40:53 Scale Mail Armor
42:38 Cavalier
44:37 Blast Furnace
44:25 Caravan
47:19 Crop Rotation
49:37 Conscription
51:29 Town Patrol
Mr Frundles5508
9:29 Feudal Age
11:03 Wheelbarrow
10:19 Horse Collar
13:52 Double-Bit Axe
18:21 Gold Mining
23:53 Castle Age
22:18 Scale Barding Armor
22:23 Forging
23:57 Fletching
25:37 Iron Casting
27:59 Imperial Age
26:28 Bow Saw
25:42 Light Cavalry
26:33 Bloodlines
27:05 Iron Casting
26:50 Chain Barding Armor
27:34 Gold Shaft Mining
27:10 Heavy Plow
27:42 Hand Cart
28:06 Hussar
29:24 Plate Barding Armor
28:46 Capped Ram
30:01 Bodkin Arrow
31:10 Blast Furnace
30:35 Bodkin Arrow
31:03 Ballistics
31:16 Parthian Tactics
30:21 Crossbowman
31:04 Padded Archer Armor
33:54 Leather Archer Armor
34:42 Scale Mail Armor
35:17 Ring Archer Armor
36:14 Chain Mail Armor
37:00 Siege Ram
41:28 Chemistry
42:26 Cavalier
44:07 Paladin
46:27 Plate Mail Armor
WakeUP6151
12:43 Feudal Age
13:32 Double-Bit Axe
13:30 Horse Collar
18:20 Castle Age
16:34 Gold Mining
16:55 Stone Mining
18:28 Wheelbarrow
18:57 Bow Saw
18:51 Heavy Plow
21:24 Stone Shaft Mining
21:31 Gold Shaft Mining
20:52 Loom
20:54 Town Watch
22:07 Scale Barding Armor
24:50 Town Patrol
27:32 Hand Cart
28:06 Chain Barding Armor
29:21 Caravan
29:57 Forging
30:33 Kamandaran
33:54 Iron Casting
33:21 Padded Archer Armor
33:11 Fletching
33:23 Scale Mail Armor
36:24 Imperial Age
34:12 Thumb Ring
33:30 Crossbowman
34:16 Squires
34:02 Gambesons
34:04 Arson
33:40 Pikeman
35:17 Devotion
35:50 Masonry
35:47 Bodkin Arrow
36:09 Leather Archer Armor
37:47 Architecture
38:20 Chemistry
38:53 Citadels
38:10 Elite War Elephant
39:13 Conscription
39:55 Plate Barding Armor
40:21 Blast Furnace
39:37 Chain Mail Armor
38:50 Elite Skirmisher
39:36 Murder Holes
40:51 Hoardings
45:29 Plate Mail Armor
45:30 Ring Archer Armor
EyesOfWar
11:07 Feudal Age
10:58 Loom
16:19 Castle Age
14:16 Double-Bit Axe
15:27 Horse Collar
18:21 Bow Saw
21:26 Stone Mining
22:51 Bloodlines
22:39 Pikeman
23:34 Town Watch
25:20 Fletching
26:08 Squires
28:40 Heavy Plow
28:31 Gold Mining
30:17 Scale Mail Armor
32:34 Gold Shaft Mining
34:01 Forging
35:30 Chain Mail Armor
35:51 Iron Casting
36:30 Wheelbarrow
37:00 Grand Trunk Road
43:04 Imperial Age
41:49 Husbandry
41:09 Light Cavalry
44:09 Conscription
43:55 Shatagni
44:24 Hussar
46:05 Blast Furnace
45:11 Scale Barding Armor
48:16 Arson
48:57 Chain Barding Armor
49:24 Siege Elephant
52:36 Plate Barding Armor
51:34 Heavy Camel Rider
54:30 Hand Cart
54:16 Town Patrol
55:17 Two-Man Saw
54:55 Stone Shaft Mining
Connection lost

Rejoining the realm…

Still unreachable

The connection could not be restored.

Session expired

The server has moved on; the page needs a fresh start.